 Dungeon Crawl Stone Soup version 0.25-a0-510-ge065f6de7d (webtiles) character file.

Game seed: 10058156286588309736, levelgen mode: classic

38874 EnegeticOcto the Cleaver (level 13, 0/124 HPs)
             Began as a Deep Dwarf Fighter on Feb 15, 2020.
             Was a High Priest of Makhleb.
             Slain by a jumping spider (3 damage)
             ... on level 1 of the Spider Nest.
             The game lasted 00:08:25 (12655 turns).

EnegeticOcto the Cleaver (Deep Dwarf Fighter)      Turns: 12655, Time: 00:08:26

Health: 0/124      AC: -1    Str: 27    XL:     13   Next: 66%
Magic:  17/17      EV: 12    Int:  9    God:    Makhleb [*****.]
Gold:   1144       SH: 18    Dex: 12    Spells: 12/12 levels left

rFire    + . .     SeeInvis .   m - +11 hand axe of the Sky {flame, rPois rF+ rC+}
rCold    + . .     Gourm    .   J - +0 tower shield
rNeg     . . .     Faith    .   j - +0 plate armour
rPois    +         Spirit   .   (helmet restricted)
rElec    .         Reflect  .   i - +1 cloak {rPois}
rCorr    .         Harm     .   (no gloves)
MR       +....                  A - +0 pair of boots
Stlth    ..........             (no amulet)
HPRegen  0.00/turn              B - +2 ring of strength
MPRegen  0.15/turn              r - +3 ring of evasion

@: corroded, non-regenerating
A: damage resistance, heal wounds, antennae 1, sense surroundings 2, no
regeneration
a: Heal Wounds, Minor Destruction, Lesser Servant of Makhleb, Major Destruction,
Greater Servant of Makhleb, Renounce Religion


You were on level 1 of the Spider Nest.
You worshipped Makhleb.
Makhleb was extremely pleased with you.
You were hungry.

You visited 4 branches of the dungeon, and saw 21 of its levels.

You collected 1144 gold pieces.

Inventory:

Hand Weapons
 a - a +0 broad axe
 m - the +11 hand axe of the Sky (weapon) {flame, rPois rF+ rC+}
   (You found it on level 4 of the Dungeon)

   It has been specially enchanted to burn those struck by it, causing extra
   injury to most foes and up to half again as much damage against particularly
   susceptible opponents.
   Big, fiery blades are also staple armaments of hydra-hunters.
   It protects you from fire.
   It protects you from cold.
   It protects you from poison.
 M - a +1 war axe
Armour
 c - a +0 kite shield
 i - a +1 cloak of poison resistance (worn)
 j - a +0 plate armour (worn)
 A - a +0 pair of boots (worn)
 F - a +0 helmet
 J - a +0 tower shield (worn)
Jewellery
 n - an uncursed ring of positive energy
 r - a +3 ring of evasion (right hand)
 B - a +2 ring of strength (left hand)
 G - the ring of Phasing {EV+8}
   (You found it on level 14 of the Dungeon)

   [ring of evasion]

   It affects your evasion (+8).
Wands
 g - a wand of enslavement (4)
 u - a wand of acid (13) {@V1}
 y - a wand of iceblast (13)
 z - a wand of paralysis (9)
 H - a wand of flame (33)
Scrolls
 b - 2 scrolls of magic mapping {@r5}
 k - 11 scrolls of remove curse {@r6}
 p - 2 scrolls of fear
 w - 3 scrolls of blinking {@r3}
 D - 8 scrolls of teleportation {@r2}
 E - 2 scrolls of fog
 I - a scroll of immolation {@r4}
 K - 2 scrolls of identify {@r1}
 N - a scroll of summoning
Potions
 d - a potion of might {@q3}
 f - 3 potions of resistance {@q6}
 h - 4 potions of degeneration
 l - 2 potions of haste {@q4}
 o - 3 potions of heal wounds {@q2}
 q - 4 potions of flight
 s - 6 potions of curing {@q1}
 t - a potion of invisibility
 v - 2 potions of ambrosia
 x - 4 potions of lignification {@q7}
 C - 2 potions of berserk rage
 L - 2 potions of magic
 O - a potion of cancellation
Comestibles
 e - 31 rations


   Skills:
 * Level 10.5 Fighting
 * Level 12.9 Axes
 + Level 9.8 Armour
 + Level 9.2 Dodging
 + Level 9.9 Shields
 * Level 12.7 Invocations


You had 12 spell levels left.
You didn't know any spells.
Your spell library contained the following spells:

 Spells                   Type           Power        Failure   Level  Hunger
 Freeze                   Ice            #...         100%        1    ##.....
 Shock                    Conj/Air       #...         100%        1    ##.....
 Swiftness                Chrm/Air       #.......     100%        2    ###....
 Frozen Ramparts          Ice            #.....       100%        3    ####...
 Ozocubu's Armour         Chrm/Ice       #.......     100%        3    ####...
 Static Discharge         Conj/Air       #.......     100%        3    ####...
 Airstrike                Air            #.........   100%        4    #####..
 Hailstorm                Conj/Ice       #.......     100%        4    #####..
 Summon Ice Beast         Ice/Summ       #.......     100%        4    #####..
 Lightning Bolt           Conj/Air       #.........   100%        5    ######.


Dungeon Overview and Level Annotations

Branches:
Dungeon (14/15)            Temple (1/1) D:6            Lair (5/6) D:9
 Shoals (0/4) Lair:3       Spider (1/4) Lair:2          Orc (0/2) D:9
 Vaults (0/5) D:14
  Slime: Lair:5-6

Altars:
Ashenzari
Cheibriados
Dithmenos
Elyvilon
Fedhas
Gozag
Hepliaklqana
Kikubaaqudgha
Makhleb
Okawaru
Qazlal
Ru
Trog
Vehumet
Zin
The Shining One

Shops:
D:5 *   D:6 :

Annotations:
D:8 exclusion: orange crystal statue
D:12 2 transporters, Flugslaktarn's ghost, journeyman DDFi
D:14 3 runed translucent doors, kae's ghost, journeyman DsGl
Lair:3 exclusion: oklob plant


Innate Abilities, Weirdness & Mutations

You are resistant to damage.
You can heal yourself by infusing magical energy.
You passively map the area around you.
You do not regenerate.
You have a pair of small antennae on your head.


Message History

You block the demonic crawler's attack. x2
The demonic crawler barely misses you.
The jumping spider leaps!
You closely miss the entropy weaver.
The entropy weaver is almost dead.
You hit the demonic crawler but do no damage.
The entropy weaver gestures wildly while chanting.
The entropic weave corrodes you!
The jumping spider leaps!
The demonic crawler hits you!
You block the demonic crawler's attack. x2
You are too injured to fight recklessly!
You are too injured to fight recklessly!
You are too injured to fight recklessly!
You are too injured to fight recklessly!
You feel much better. You block the entropy weaver's attack.
The entropy weaver hits you. x2; The entropy weaver hits you!
The demonic crawler hits you! You block the demonic crawler's attack.
The demonic crawler hits you! The entropy weaver barely misses you.
You block the entropy weaver's attack. The entropy weaver hits you!
The entropy weaver hits you.
You feel much better. The demonic crawler barely misses you.
You block the demonic crawler's attack. x2; The jumping spider leaps!
The entropy weaver hits you but does no damage.
You block the entropy weaver's attack. The entropy weaver closely misses you.
The entropy weaver hits you but does no damage.
Okay, then.
A demon appears!
The demonic crawler barely misses you. You block the demonic crawler's attack.
The demonic crawler barely misses you.
You block the entropy weaver's attack. x3; The entropy weaver hits you.
The demonic crawler hits you but does no damage.
The demonic crawler hits you! The demonic crawler hits you.
A demon appears!
You block the jumping spider's attack.
The jumping spider bites you but does no damage.
You block the entropy weaver's attack. The entropy weaver closely misses you.
The entropy weaver hits you but does no damage.
You block the entropy weaver's attack. The demonic crawler hits you! x3
The jumping spider pounces on you!
* * * LOW HITPOINT WARNING * * *
You are caught in a web!
The jumping spider bites you but does no damage.
Your orange demon closely misses the entropy weaver.
Your orange demon misses the entropy weaver.
You are too injured to fight recklessly!
You are too injured to fight recklessly!
You are too injured to fight recklessly!
You are too injured to fight recklessly!
You are too injured to fight recklessly!
You are too injured to fight recklessly!
You feel much better. The jumping spider pounces on you.
The jumping spider bites you.
The entropy weaver mumbles some strange words.
The entropic weave corrodes you! The demonic crawler closely misses you.
The demonic crawler hits you!
The demonic crawler hits you but does no damage.
Your orange demon stings the demonic crawler.
Your orange demon hits the demonic crawler but does no damage.
Your orange demon misses the entropy weaver.
Your orange demon hits the entropy weaver but does no damage.
You feel much better.
The jumping spider completely misses you.
The jumping spider bites you! The demonic crawler hits you!
The demonic crawler hits you. The demonic crawler barely misses you.
The entropy weaver hits you! The entropy weaver barely misses you.
The entropy weaver hits you but does no damage.
The entropy weaver hits you! The jumping spider pounces on you.
You are even more entangled.
The jumping spider bites you but does no damage.
The demonic crawler hits you but does no damage.
The demonic crawler hits you. The demonic crawler closely misses you.
Your orange demon closely misses the demonic crawler.
Your orange demon completely misses the demonic crawler.
The entropy weaver casts a spell.
The entropic weave corrodes you!
Your orange demon stings the entropy weaver.
The entropy weaver looks as sick as possible!
Your orange demon poisons the entropy weaver!
Your orange demon hits the entropy weaver but does no damage.
You struggle to detach yourself from the web.
The jumping spider pounces on you! The jumping spider bites you.
The demonic crawler barely misses you. The demonic crawler hits you.
The demonic crawler hits you!
* * * LOW HITPOINT WARNING * * *
The entropy weaver hits you!
* * * LOW HITPOINT WARNING * * *
The entropy weaver hits you!
* * * LOW HITPOINT WARNING * * *
The entropy weaver hits you.
* * * LOW HITPOINT WARNING * * *
The entropy weaver closely misses you.
Your orange demon closely misses the entropy weaver.
Your orange demon hits the entropy weaver but does no damage.
Your orange demon stings the demonic crawler.
Your orange demon hits the demonic crawler but does no damage.
The web tears apart.
You block the jumping spider's attack. x2
You block the demonic crawler's attack.
The demonic crawler completely misses you.
The demonic crawler hits you.
* * * LOW HITPOINT WARNING * * *
The entropy weaver hits your orange demon but does no damage.
The entropy weaver hits your orange demon! x3
You block the jumping spider's attack. The jumping spider bites you.
You die...

## ,, ..#. ##.
.#.....## **
..#.,
.......###* * ,
,
...##.>#...#...*
, #.#..#..#
..).#,*** , *
#.......#...#..,
,,
#<#.#.##4....# *
* , **
#....s.s..#.#. *
**
#..^.#@a....[.
,** *
###...^4#...#. *
*#.$#.#.# .>. *
#....#^.# .
**.........# * *
#.....#....#
#..........#
############


You could see an entropy weaver, a demonic crawler, a jumping spider and 2
friendly orange demons.

Vanquished Creatures
  Azrael (D:12)
  An ogre mage (D:14)
  A hydra (Lair:5)
  A vault guard (D:14)
  3 two-headed ogres
  A tengu warrior (D:14)
  Sonja (D:13)
  A fire crab (shapeshifter) (D:13)
  2 skeletal warriors (D:14)
  3 unseen horrors
  Pikel (D:9)
  A wizard (D:14)
  A wolf spider (Spider:1)
  2 ugly things
  2 deep elf magi (D:12)
  A cyclops (D:10)
  2 merfolk sirens (Lair:3)
  A manticore (D:14)
  2 black mambas
  3 centaur zombies
  Maurice (D:10)
  5 spiny frogs
  An efreet (D:14)
  A rime drake (Lair:5)
  3 komodo dragons
  3 trolls
  Prince Ribbit (D:9)
  10 blink frogs
  4 dream sheep (Lair:4)
  4 slime creatures
  4 hippogriffs
  4 redbacks
  A spriggan (D:13)
  2 shadows
  3 fire elementals (D:12)
  A wraith (D:10)
  Grum (D:8)
  4 vampire mosquitoes (D:13)
  2 basilisks (Lair:5)
  7 yaks
  2 steam dragons (D:11)
  A hungry ghost (D:14)
  Menkaure (D:5)
  2 soldier ants
  5 hell hounds (D:12)
  7 water moccasins
  4 porcupines
  4 orc warriors
  2 ice beasts
  2 slaves (D:9)
  A hornet zombie (D:14)
  4 sky beasts
  2 phantoms
  2 eyes of draining
  7 ogres
  28 wolves
  A centaur (D:6)
  10 crocodiles
  A big kobold (D:9)
  A wyvern zombie (D:13)
  18 bullfrogs
  A water moccasin skeleton (D:5)
  A wyvern skeleton (D:9)
  3 scorpions
  A killer bee (D:10)
  14 wights
  3 howler monkeys
  9 crimson imps
  4 bullfrog zombies
  A quasit (D:11)
  4 jellies
  7 orc priests
  9 hounds
  9 orc wizards
  Crazy Yiuf (D:7)
  5 centaur skeletons
  A gnoll shaman (D:6)
  7 iguanas
  11 worker ants
  Ijyb (D:5)
  A hound zombie (D:8)
  A hound skeleton (D:4)
  A mummy (D:10)
  A worker ant zombie (D:7)
  6 adders
  7 gnolls
  7 shadow imps
  An ooze (D:4)
  An adder skeleton (D:8)
  A worm (D:4)
  4 leopard geckos
  54 orcs
  2 giant cockroaches
  3 goblins (D:1)
  4 hobgoblins
  4 jackals
  A ball python skeleton (D:4)
  2 bats
  A frilled lizard (D:5)
  A jackal skeleton (D:8)
  8 kobolds
  3 rats
  3 fungi
407 creatures vanquished.

Vanquished Creatures (others)
  A plant (Lair:2)
1 creature vanquished.

Grand Total: 408 creatures vanquished

Notes
Turn   | Place    | Note
-------+----------+-------------------------------------------
     0 | D:1      | EnegeticOcto the Deep Dwarf Fighter began the quest for the
                  | Orb.
     0 | D:1      | Reached XP level 1. HP: 20/20 MP: 1/1
    88 | D:1      | Reached XP level 2. HP: 27/27 MP: 2/2
   291 | D:3      | Reached XP level 3. HP: 29/33 MP: 3/3
   300 | D:3      | Reached skill level 1 in Dodging
   329 | D:4      | Noticed an ice beast
   337 | D:4      | Reached XP level 4. HP: 31/42 MP: 4/4
   350 | D:4      | Killed an ice beast
   350 | D:4      | Reached XP level 5. HP: 49/49 MP: 4/4
   463 | D:4      | Reached XP level 6. HP: 40/56 MP: 4/4
   592 | D:4      | Reached skill level 5 in Axes
   637 | D:4      | Found an iron altar of Okawaru.
   659 | D:4      | Got a shimmering hand axe
   660 | D:4      | Identified the +11 hand axe of the Sky {flame, rPois rF+
                  | rC+} (You found it on level 4 of the Dungeon)
   703 | D:4      | Reached XP level 7. HP: 44/63 MP: 4/4
   824 | D:4      | Found an opulent altar of Gozag.
   827 | D:4      | Found a stormy altar of Qazlal.
   830 | D:4      | Found a blossoming altar of Fedhas.
   978 | D:5      | Entered Level 5 of the Dungeon
  1005 | D:5      | Found Fuenaontu's Lightly-Used Armoury.
  1075 | D:5      | Noticed Menkaure
  1079 | D:5      | Found a glowing golden altar of the Shining One.
  1088 | D:5      | Killed Menkaure
  1195 | D:5      | Reached skill level 5 in Shields
  1294 | D:5      | Reached skill level 5 in Armour
  1305 | D:5      | Noticed Ijyb
  1310 | D:5      | Killed Ijyb
  1435 | D:5      | Reached XP level 8. HP: 60/72 MP: 4/4
  2394 | D:6      | Found Runiar's Book Boutique.
  2532 | D:6      | Found a staircase to the Ecumenical Temple.
  2666 | D:6      | Found a white marble altar of Elyvilon.
  2721 | Temple   | Entered the Ecumenical Temple
  2777 | Temple   | Became a worshipper of Makhleb the Destroyer
  2899 | D:7      | Reached skill level 5 in Fighting
  2913 | D:7      | Reached skill level 1 in Invocations
  2918 | D:7      | You fall into a shaft and drop 3 floors!
  2918 | D:10     | Entered Level 10 of the Dungeon
  3010 | D:9      | Reached * piety under Makhleb
  3010 | D:9      | Gained mutation: You passively map the area around you.
                  | [Deep Dwarf growth]
  3010 | D:9      | Reached XP level 9. HP: 51/81 MP: 6/6
  3761 | D:7      | Found a runed translucent door.
  3762 | D:7      | Noticed Crazy Yiuf
  3955 | D:7      | Killed Crazy Yiuf
  4056 | D:8      | Noticed Grum
  4060 | D:8      | Reached skill level 5 in Dodging
  4067 | D:8      | Killed Grum
  4276 | D:8      | Found a hazy altar of Hepliaklqana.
  4304 | D:8      | Noticed a troll
  4307 | D:8      | Noticed an orange crystal statue
  4314 | D:8      | Killed a troll
  4574 | D:9      | Noticed Prince Ribbit
  4602 | D:9      | Noticed a troll
  4608 | D:9      | Killed a troll
  4608 | D:9      | Reached ** piety under Makhleb
  4701 | D:9      | Found a staircase to the Lair.
  4707 | D:9      | Found a shattered altar of Ashenzari.
  4726 | D:9      | Noticed Pikel
  4737 | D:9      | Killed Pikel
  4737 | D:9      | Reached skill level 5 in Invocations
  4737 | D:9      | Reached XP level 10. HP: 92/92 MP: 7/9
  4905 | D:9      | Killed Prince Ribbit
  4934 | D:9      | Found an ancient bone altar of Kikubaaqudgha.
  5140 | D:9      | Found a staircase to the Orcish Mines.
  5256 | D:10     | Noticed Maurice
  5269 | D:10     | Killed Maurice
  5345 | D:10     | Killed an unseen horror
  5413 | D:10     | Noticed a two-headed ogre
  5420 | D:10     | Killed a two-headed ogre
  5697 | D:10     | Noticed a cyclops
  5704 | D:10     | Killed a cyclops
  5739 | D:10     | Reached *** piety under Makhleb
  6043 | D:11     | Reached skill level 10 in Axes
  6053 | D:11     | Reached XP level 11. HP: 89/100 MP: 11/11
  6663 | D:12     | Noticed a deep elf mage
  6670 | D:12     | Killed a deep elf mage
  6818 | D:12     | Noticed a red ugly thing
  6820 | D:12     | Found a transporter.
  6831 | D:12     | Killed a red ugly thing
  6834 | D:12     | Noticed an ice dragon
  6834 | D:12     | Noticed Flugslaktarn's ghost (journeyman DDFi)
  6836 | D:12     | Noticed a harpy
  6866 | D:12     | Found a transporter.
  6871 | D:12     | Noticed a harpy
  6927 | D:12     | Noticed Azrael
  6965 | D:12     | Killed Azrael
  6971 | D:12     | Reached **** piety under Makhleb
  7077 | D:12     | Noticed a deep elf mage
  7081 | D:12     | Killed a deep elf mage
  7338 | D:12     | Killed an unseen horror
  7578 | D:13     | Noticed a fire crab
  7578 | D:13     | a polar bear changed into a fire crab
  7591 | D:13     | Killed a fire crab
  7619 | D:13     | Noticed a two-headed ogre
  7626 | D:13     | Killed a two-headed ogre
  7808 | D:13     | Found a white marble altar of Elyvilon.
  7852 | D:13     | Reached XP level 12. HP: 111/112 MP: 14/14
  7884 | D:13     | Noticed Sonja
  7893 | D:13     | Killed Sonja
  7893 | D:13     | Reached skill level 10 in Invocations
  8188 | D:14     | Noticed a two-headed ogre
  8203 | D:14     | Killed a two-headed ogre
  8208 | D:14     | Reached ***** piety under Makhleb
  8524 | D:14     | Found the ring of Phasing {EV+8}
  8758 | D:14     | Found a runed translucent gate.
  8758 | D:14     | Found a runed translucent gate.
  8758 | D:14     | Found a runed translucent gate.
  8759 | D:14     | Noticed kae's ghost (journeyman DsGl)
  8760 | D:14     | Found the +2 cloak of the Thief {+Fog Slay-2 SInv Stlth+}
  8868 | D:14     | Noticed an ogre mage
  8872 | D:14     | Noticed a tengu warrior
  8878 | D:14     | Killed an ogre mage
  8884 | D:14     | Killed a tengu warrior
  8894 | D:14     | Noticed a vault guard
  8933 | D:14     | Killed a vault guard
  8971 | D:14     | Found a gate to the Vaults.
  9196 | Lair:1   | Entered Level 1 of the Lair of Beasts
  9243 | Lair:1   | Reached XP level 13. HP: 115/123 MP: 16/16
  9393 | Lair:2   | Found a hole to the Spider Nest.
  9577 | Lair:2   | Reached skill level 10 in Fighting
 10839 | Lair:3   | Found a staircase to the Shoals.
 11246 | Lair:4   | Gained mutation: You have a pair of small antennae on your
                  | head. [potion of mutation]
 11801 | Lair:5   | Reached ****** piety under Makhleb
 12133 | Lair:5   | Found an iron altar of Okawaru.
 12618 | Spider:1 | Entered Level 1 of the Spider Nest
 12626 | Spider:1 | Noticed an entropy weaver
 12654 | Spider:1 | HP: 5/124 [entropy weaver (2)]
 12655 | Spider:1 | Slain by a jumping spider

Levels and vault maps discovered:
D:1:      scummos_arrival_forest, layout_basic, serial_forest,
          infiniplex_forest_side_room, infiniplex_forest_lined_4_way,
          infiniplex_forest_clump_large, infiniplex_forest_lined_corner,
          infiniplex_forest_clump_diagonal, infiniplex_forest_end_2,
          infiniplex_forest_lined_3_way, infiniplex_forest_lined_ring,
          infiniplex_forest_straight_4, infiniplex_forest_clump_double
D:2:      layout_loops_ring, minmay_cut_off
D:3:      layout_loops_ring, doesnt_xom_only_xom
D:4:      minmay_chambers_of_threes, layout_basic,
          grunt_temple_overflow_diamond, first_ration, okawaru_ov_weapons_minmay
D:5:      layout_layer_cave, lemuel_crystal_altar, hangedman_decor_peaks_small,
          chequers_arboretum, minmay_shop_damaged, hangedman_decor_points,
          minmay_puff, uniq_ijyb, uniq_menkaure
D:6:      layout_loops_cross, kennysheep_little_box,
          minmay_temple_entry_statues_pillars, serial_shops,
          nicolae_shop_waterfront
D:7:      layout_basic, uniq_crazy_yiuf_cottage
D:8:      minmay_separated_statues, layout_basic, lemuel_doored_altar, uniq_grum
D:9:      layout_long_grid, kiku_gazebo_garden_becter, lair_entry_dummy,
          hiddenorc1_lemuel, basic_altar, uniq_prince_ribbit1, uniq_pikel
D:10:     layout_basic, serial_undead, serial_undead_b, serial_undead_d,
          serial_undead_f, serial_undead_b, minmay_fractal_squares_gapless_7,
          uniq_maurice
D:11:     layout_roguey
D:12:     layout_basic, gammafunk_ghost_berserking_beasts, uniq_azrael
D:13:     layout_rooms, the_bakery, elyvilon_altar_5, uniq_sonja
D:14:     layout_cave_pools, david_vaults_5, gammafunk_ghost_necromancy
Temple:   eino_temple_water
Lair:1:   layout_roguey, uniq_joseph
Lair:2:   layout_loops_ring, spider_nest_entry_webs, columned_hall_lemuel
Lair:3:   layout_cave_pods, elwin_shoals_entry_rooms, minmay_lair_oklob_bushes,
          infiniplex_staircase_pool_2
Lair:4:   layout_cave_pods, infiniplex_staircase_pool, serial_bayou_shore_b
Lair:5:   layout_loops_ring, basic_altar, minmay_lair_oklob_items
Spider:1: layout_spider_delve, uniq_jorgrun

Skill      XL: |  1  2  3  4  5  6  7  8  9 10 11 12 13 |
---------------+----------------------------------------+-----
Axes           | 3 4 5 6 7 8 10 11 12 | 12.9
Dodging        | 1 2 3 4 5 6 7 8 9 |  9.2
Fighting       | 3 4 5 6 7 8 9 10 | 10.5
Armour         | 4 5 6 7 8 9 |  9.8
Shields        | 4 5 6 7 8 9 |  9.9
Invocations    | 1 5 7 9 11 12 | 12.7

Action                   |  1- 3 |  4- 6 |  7- 9 | 10-12 | 13-15 || total
-------------------------+-------+-------+-------+-------+-------++-------
Melee: War axe           |    78 |    91 |       |       |       ||   169
       Hand axe          |       |     2 |   232 |   590 |   307 ||  1131
Invok: Lesser Servant of |       |       |       |       |     2 ||     2
 Abil: Heal Wounds       |       |     3 |     7 |     2 |     4 ||    16
  Use: Scroll            |       |       |     9 |    13 |     4 ||    26
       Potion            |       |       |       |       |     1 ||     1
  Eat: Chunk             |       |       |     9 |    10 |    10 ||    29
       Ration            |       |       |     1 |     2 |       ||     3
Armor: Scale mail        |    16 |       |       |       |       ||    16
       Plate armour      |    39 |    85 |    71 |   191 |    87 ||   473
Dodge: Dodged            |    16 |    34 |    60 |   175 |    84 ||   369
Block: Kite shield       |    52 |    66 |   109 |   243 |       ||   470
       Tower shield      |       |       |       |    20 |   290 ||   310

Table legend:
 A = Non-vault XP
 B = Vault XP
 C = Vault XP percentage of total XP
 D = Non-vault monster count
 E = Vault monster count
 F = Vault count percentage of total count
                 A         B        C        D         E       F
            +---------+---------+-------+---------+---------+-------
      Total |   39108 |   16427 |  29.6 |     323 |      79 |  19.7
            +---------+---------+-------+---------+---------+-------
        D:1 |      13 |       0 |   0.0 |       8 |       0 |   0.0
        D:2 |      22 |       0 |   0.0 |       6 |       0 |   0.0
        D:3 |      15 |       0 |   0.0 |       6 |       0 |   0.0
        D:4 |     531 |     215 |  28.8 |      20 |       7 |  25.9
        D:5 |     379 |     350 |  48.0 |      15 |       7 |  31.8
        D:6 |     865 |       0 |   0.0 |      27 |       0 |   0.0
        D:7 |     160 |      41 |  20.4 |       7 |       1 |  12.5
        D:8 |     829 |     552 |  40.0 |      15 |       4 |  21.1
        D:9 |     776 |    1253 |  61.8 |      18 |      19 |  51.4
       D:10 |    2712 |    1918 |  41.4 |      17 |      15 |  46.9
       D:11 |    1987 |       0 |   0.0 |      22 |       0 |   0.0
       D:12 |    3413 |    2527 |  42.5 |      14 |       9 |  39.1
       D:13 |    4287 |    1034 |  19.4 |      28 |       2 |   6.7
       D:14 |    4841 |    7340 |  60.3 |      28 |      12 |  30.0
     Lair:1 |    2033 |       0 |   0.0 |       8 |       0 |   0.0
     Lair:2 |    4369 |     225 |   4.9 |      20 |       1 |   4.8
     Lair:3 |    3096 |     972 |  23.9 |      19 |       2 |   9.5
     Lair:4 |    3733 |       0 |   0.0 |      25 |       0 |   0.0
     Lair:5 |    3754 |       0 |   0.0 |      16 |       0 |   0.0
   Spider:1 |    1293 |       0 |   0.0 |       4 |       0 |   0.0
            +---------+---------+-------+---------+---------+-------
